 Dungeon Crawl Stone Soup version 0.31-a0-188-g5e087ee2ca (webtiles) character file.

Game seed: 7031624230502688542

72 qw the Shooter (level 4, -1/25 HPs)
             Began as a Deep Elf Hunter on June 22, 2023.
             Slain by a water moccasin (2 damage)
             ... on level 3 of the Dungeon.
             The game lasted 00:00:32 (2052 turns).

qw the Shooter (Deep Elf Hunter)                    Turns: 2052, Time: 00:00:32

Health: -1/25      AC:  6    Str: 10    XL:     4   Next: 6%
Magic:  5/5        EV: 11    Int: 14    God:
Gold:   129        SH:  0    Dex: 18    Spells: 3/3 levels left

rFire   . . .        Y - +0 shortbow
rCold   . . .        (shield currently unavailable)
rNeg    . . .        b - +0 ring mail
rPois   .            e - +0 helmet
rElec   .            (no cloak)
rCorr   .            (no gloves)
SInv    .            (no boots)
Will    +....        (no amulet)
Stlth   +            (no ring)
HPRegen 0.24/turn    (no ring)
MPRegen 0.09/turn

%: no passive effects
@: lethally poisoned (-1 -> -3), about to teleport
A: low MP 1, strong-willed 1, mutation resistance 1, MP-powered wands
a: no special abilities


You were on level 3 of the Dungeon.
You visited 1 branch of the dungeon, and saw 3 of its levels.

You collected 129 gold pieces.


Innate Abilities, Weirdness & Mutations

Your magical capacity is low. (-10% MP)
You are strong-willed. (Will+)
You are somewhat resistant to further mutation.
You expend magic power (3 MP) to strengthen your wands.


   Skills:
 - Level 1.5 Fighting
 + Level 7.5 Ranged Weapons
 - Level 2.4 Dodging
 - Level 1.2 Stealth


You had 3 spell levels left.
You didn't know any spells.
Your spell library was empty.

Inventory:

Hand Weapons
 Y - a +0 shortbow (weapon)
Armour
 b - a +0 ring mail (worn)
 e - a +0 helmet (worn)
Scrolls
 a - a scroll of identify
Potions
 c - 2 potions of curing {unknown}

Dungeon Overview and Level Annotations

Branches:
Dungeon (3/15)

Altars:
Kikubaaqudgha


Message History

Found a stone staircase leading down.
Enter note:
Enter note:
Enter note:
There is a stone staircase leading down here.
A hobgoblin comes into view.
Enter note:
Enter note: You shoot an arrow.
The arrow hits the hobgoblin!
You kill the hobgoblin!
Found a stone staircase leading down.
Enter note:
Enter note:
There is a stone staircase leading down here.
A water moccasin comes into view.
Enter note:
Enter note: You shoot an arrow.
The arrow hits the water moccasin!
The water moccasin is moderately wounded.
You shoot an arrow. The arrow hits the water moccasin.
The water moccasin is heavily wounded.
The water moccasin bites you.
You are poisoned.
The water moccasin poisons you! The water moccasin closely misses you.
You shoot an arrow. The arrow misses the water moccasin.
You feel very sick. The water moccasin barely misses you.
The water moccasin bites you!
You shoot an arrow. The arrow hits the water moccasin.
The water moccasin is severely wounded.
You feel sick. The water moccasin bites you.
2051 ||| READING scroll of teleportation.
As you read the scroll of teleportation, it crumbles to dust.
You feel strangely unstable.
You feel sick. The water moccasin closely misses you.
The water moccasin barely misses you.
You shoot an arrow.
The arrow hits the water moccasin but does no damage.
The water moccasin is heavily wounded.
You feel sick. The water moccasin bites you.
You die...

#..#... .......
......# .....
###.... #....#
#.##..S.##
#.#..@...#
#.#......## .#
#.........# ..
#.#.#.....# ###
#.#.#.....# ..
#.#.##....# #
######.#.##.#..#
+
#...............#
#.#
#########.##.##.#
...


You could see a water moccasin.

Vanquished Creatures
  3 adders
  A worm (D:2)
  2 dart slugs (D:1)
  3 endoplasms
  2 giant cockroaches (D:1)
  5 hobgoblins
  3 jackals (D:1)
  2 quokkas (D:2)
  4 ball pythons
  3 bats
  2 frilled lizards (D:2)
  2 kobolds
  7 rats
39 creatures vanquished.

Notes
Turn   | Place    | Note
-------+----------+-------------------------------------------
     0 | D:1      | qw the Deep Elf Hunter began the quest for the Orb.
     0 | D:1      | Reached XP level 1. HP: 12/12 MP: 3/3
     0 | D:1      | 0 ||| qw: Version: 0.3-a-9-g12657ce
     0 | D:1      | 0 ||| qw: Game counter: 2983
     0 | D:1      | 0 ||| qw: Always use a shield: true
     0 | D:1      | 0 ||| qw: God list: Okawaru
     0 | D:1      | 0 ||| qw: Allow faded altars: false
     0 | D:1      | 0 ||| qw: Do Orc after D:15 true
     0 | D:1      | 0 ||| qw: Do second Lair branch before Depths: true
     0 | D:1      | 0 ||| qw: Lair rune preference: random
     0 | D:1      | 0 ||| qw: Plans: Normal
     0 | D:1      | 0 ||| PLANNING D:1-11
   235 | D:1      | Reached XP level 2. HP: 16/16 MP: 4/4
   268 | D:1      | Reached skill level 6 in Ranged Weapons
   868 | D:1      | Reached XP level 3. HP: 20/20 MP: 5/5
   889 | D:1      | 889 ||| UPGRADING to +0 helmet.
   894 | D:1      | 894 ||| UPGRADING to +0 scale mail.
   904 | D:1      | 904 ||| DROPPING +0 leather armour.
   905 | D:1      | 905 ||| READING scroll labelled WOQISHRU VEUT.
   906 | D:1      | 906 ||| READING scroll labelled ZIGEFIRYIP.
   942 | D:1      | 942 ||| READING scroll labelled EMNAILAKAXT.
   943 | D:1      | 943 ||| DROPPING scroll of butterflies.
   993 | D:2      | 993 ||| STAIRDANCE
  1090 | D:2      | Reached skill level 7 in Ranged Weapons
  1192 | D:2      | Found a faded altar of an unknown god.
  1468 | D:2      | Reached XP level 4. HP: 25/25 MP: 6/6
  1470 | D:2      | Found an ancient bone altar of Kikubaaqudgha.
  1783 | D:2      | 1783 ||| UPGRADING to +0 ring mail.
  1793 | D:2      | 1793 ||| DROPPING +0 scale mail.
  1794 | D:2      | 1794 ||| READING 2 scrolls labelled OMYGAI GEOSEFA.
  1798 | D:2      | 1798 ||| DRINKING 2 white potions.
  1798 | D:2      | Gained mutation: You are frail. (-10% HP) [potion of
                  | mutation]
  1798 | D:2      | Gained mutation: Your magical capacity is low. (-10% MP)
                  | [potion of mutation]
  1798 | D:2      | Gained mutation: Your spells are a little harder to cast,
                  | but a little more powerful. [potion of mutation]
  1798 | D:2      | Gained mutation: You are strong-willed. (Will+) [potion of
                  | mutation]
  1799 | D:2      | 1799 ||| DRINKING potion of mutation.
  1799 | D:2      | Lost mutation: Your spells are a little harder to cast, but
                  | a little more powerful. [potion of mutation]
  1799 | D:2      | Lost mutation: You are frail. (-10% HP) [potion of
                  | mutation]
  1799 | D:2      | Gained mutation: You expend magic power (3 MP) to
                  | strengthen your wands. [potion of mutation]
  1799 | D:2      | Gained mutation: You are somewhat resistant to further
                  | mutation. [potion of mutation]
  2046 | D:3      | Noticed a water moccasin
  2050 | D:3      | HP: 3/25 [water moccasin (4)]
  2051 | D:3      | 2051 ||| READING scroll of teleportation.
  2052 | D:3      | HP: 1/25 [poisoned by a water moccasin]
  2052 | D:3      | Slain by a water moccasin

Levels and vault maps discovered:
D:1:      dpeg_arrival_rhombus, layout_loops_corners, hangedman_decor_lopped,
          roderic_serpentine_path
D:2:      layout_loops_ring, basic_altar, serial_forest,
          infiniplex_forest_clump_diagonal, infiniplex_forest_lined_ring,
          infiniplex_forest_clump_curved, infiniplex_forest_diagonal,
          infiniplex_forest_lined_1, infiniplex_forest_straight_2,
          infiniplex_forest_end_double, infiniplex_forest_end_2,
          infiniplex_forest_lined_room_, infiniplex_forest_clump_medium,
          shapermc_ecumenical_altar_acropolis
D:3:      layout_basic, minmay_lizard_king

Skill      XL: |  1  2  3 |
---------------+----------+-----
Ranged Weapons | 6 7 |  7.5
Fighting       | |  1.5
Dodging        | |  2.4
Stealth        | |  1.2

Action                     |  1- 3 |  4- 6 || total
---------------------------+-------+-------++-------
   Fire: Shortbow          |    95 |     9 ||   104
    Use: Scroll            |     3 |     2 ||     5
         Potion            |       |     2 ||     2
 Armour: Leather armour    |     2 |       ||     2
         Scale mail        |     6 |       ||     6
  Dodge: Dodged            |    11 |     4 ||    15

Table legend:
 A = Non-vault XP
 B = Vault XP
 C = Vault XP percentage of total XP
 D = Non-vault monster count
 E = Vault monster count
 F = Vault count percentage of total count
                 A         B        C        D         E       F
            +---------+---------+-------+---------+---------+-------
      Total |     103 |       0 |   0.0 |      39 |       0 |   0.0
            +---------+---------+-------+---------+---------+-------
        D:1 |      54 |       0 |   0.0 |      24 |       0 |   0.0
        D:2 |      45 |       0 |   0.0 |      13 |       0 |   0.0
        D:3 |       4 |       0 |   0.0 |       2 |       0 |   0.0
            +---------+---------+-------+---------+---------+-------
